Workbook
Name _1__123Graph_Aｸﾞﾗﾌ_7: #REF!
Name _112233: #REF!
Name _112277: #REF!
Name _12__123Graph_BCHART_5: [1]MEX95IB!#REF!
Name _1222: #REF!
Name _13__123Graph_Bｸﾞﾗﾌ_7: #REF!
Name _14__123Graph_Cｸﾞﾗﾌ_7: #REF!
Name _15__123Graph_Dｸﾞﾗﾌ_7: #REF!
Name _16__123Graph_Eｸﾞﾗﾌ_7: #REF!
Name _17__123Graph_Fｸﾞﾗﾌ_7: #REF!
Name _21: #REF!
Name _25: #REF!
Name _29: #REF!
Name _456: {0,#N/A,FALSE,0;0,#N/A,FALSE,0;0,#N/A,FALSE,0;0,#N/A,FALSE,0;0,#N/A,FALSE,0;0,#N/A,FALSE,0}
Name _Fill: #REF!
Name _NDC1: {"'内訳表'!$B$2:$N$64"}
Name _Order1: 0
Name _Order2: 255
Name a1_Y1: [2]CONFIGURACIÓN!$D$17
Name a1_Y2: [2]CONFIGURACIÓN!$E$17
Name a10_Y10: [2]CONFIGURACIÓN!$M$26
Name a10_Y11: [2]CONFIGURACIÓN!$N$26
Name a2_Y2: [2]CONFIGURACIÓN!$E$18
Name a2_Y3: [2]CONFIGURACIÓN!$F$18
Name a3_Y3: [2]CONFIGURACIÓN!$F$19
Name a3_Y4: [2]CONFIGURACIÓN!$G$19
Name a4_Y4: [2]CONFIGURACIÓN!$G$20
Name a4_Y5: [2]CONFIGURACIÓN!$H$20
Name a5_Y5: [2]CONFIGURACIÓN!$H$21
Name a5_Y6: [2]CONFIGURACIÓN!$I$21
Name a6_Y6: [2]CONFIGURACIÓN!$I$22
Name a6_Y7: [2]CONFIGURACIÓN!$J$22
Name a7_Y7: [2]CONFIGURACIÓN!$J$23
Name a7_Y8: [2]CONFIGURACIÓN!$K$23
Name a8_Y8: [2]CONFIGURACIÓN!$K$24
Name a8_Y9: [2]CONFIGURACIÓN!$L$24
Name a9_Y10: [2]CONFIGURACIÓN!$M$25
Name a9_Y9: [2]CONFIGURACIÓN!$L$25
Name aaaa: #REF!
Name ABF: #REF!
Name AccessDatabase: "C:\My Documents\New MMR\INPUT.mdb"
Name ACCV: #REF!
Name ADSF: #REF!
Name afdgbva: {#N/A,#N/A,TRUE,"Report"}
Name aga: {#N/A,#N/A,TRUE,"Report"}
Name AGHFD: #REF!
Name ALMUERZO: '[3]Resumen Preparaciones'!$C$52:$C$113
Name almuerzocena: '[3]Resumen Preparaciones'!$C$52:$C$141
Name año1: [2]CONFIGURACIÓN!$F$9
Name APLICA: #REF!
Name APLICA.: #REF!
Name ATGHH: #REF!
Name AVBC: #REF!
Name AXCC: #REF!
Name AXX: #REF!
Name Aグラフ: #REF!
Name bbb: [4]lista!$A$11:$A$13
Name bn: {"'内訳表'!$B$2:$N$64"}
Name Ｂグラフ: #REF!
Name CALENDARIO: [2]CALENDARIO!$B$6:$H$161

Sheet Ofertas Recibidas
D2: República de Colombia
D3: Instituto Colombiano de Antropología e Historia Proceso de Mínima Cuantía No. MC-ICANH-019-2026
D4: OFERTAS RECIBIDAS
B6: Objeto | D6: Suministro a monto agotable de combustible para el parque automotor de propiedad del ICANH que actualmente opera en el municipio de San José del Guaviare - Guaviare.
B8: Presupuesto | D8: 3400000
B10: Oferta | C10: EMPRESA | F10: VALOR OFERTADO FORMATO | G10: VALOR OFERTADO SECOP | H10: OBSERVACIÓN
B11: Oferta 1 | C11: WALTER LESMES RODRIGUEZ | F11: 3400000 | G11: 3400000 | H11: =+'Cumplimiento Invitación'!D23 -> CUMPLE
C13: EVALUADOR TÉCNICO
C14: NOMBRE DEL PROFESIONAL | E14: LUCIANO ALFONSO PINILLA PEDRAZA
C15: CARGO | E15: CONTRATISTA
C17: REVISOR
C18: NOMBRE DEL PROFESIONAL | E18: NELSON ARGUELLEZ ARGUELLEZ PALACIOS
C19: CARGO | E19: CONTRATISTA

Sheet Cumplimiento Invitación
C2: República de Colombia
C3: =+'Ofertas Recibidas'!D3 -> Instituto Colombiano de Antropología e Historia Proceso de Mínima Cuantía No. MC-ICANH-019-2026
C4: Cumplimiento Invitación
B6: Objeto | C6: =+'Ofertas Recibidas'!D6 -> Suministro a monto agotable de combustible para el parque automotor de propiedad del ICANH que actualmente opera en el municipio de San José del Guaviare - Guaviare.
B8: REQUISITO / PROPONENTE | D8: =+'Ofertas Recibidas'!C11 -> WALTER LESMES RODRIGUEZ
B9: El proponente deberá diligenciar el “FORMATO 11. Propuesta Económica”, que se incluye en el pliego de condiciones y deberá diligenciar el valor de su propuesta en la sección cuestionario de la plataforma SECOP II de conformidad con lo calculado por el oferente en el Anexo mencionado. | D9: CUMPLE
B10: El proponente deberá ofertar la totalidad de los bienes y/o servicios, con el lleno de los requisitos técnicos descritos en la FICHA TÉCNICA (ANEXO 3) para poder ser tenida en cuenta su propuesta. | D10: CUMPLE
B11: El proponente deberá diligenciar en el “FORMATO 11. Propuesta Económica” el porcentaje de descuento que aplicarán para los precios unitarios ofertados durante la ejecución. Se recuerda que los precios unitarios ofertados están sujetos a variación debido a la fluctuación en el precio de combustible de acuerdo con las regulaciones del Ministerio de Minas y Energía | D11: CUMPLE
B12: El ofrecimiento económico deberá realizarse en pesos colombianos que es la moneda oficial | D12: CUMPLE
B13: El proponente no podrá adicionar, suprimir, cambiar, o modificar los ítems, la descripción, las unidades o cantidades señaladas en el “FORMATO 11. Propuesta Económica”. | D13: CUMPLE
B14: La propuesta económica debe presentarse en valores enteros. | D14: CUMPLE
B15: Será causal de RECHAZO cuando supere el 100% del precio techo establecido para cada uno de los ítems del proceso y/o cuando el ofrecimiento económico total supere el presupuesto establecido por la Entidad para el presente proceso de selección. | D15: CUMPLE
B16: Cuando la propuesta no se hubiere presentado a través del medio indicado en la Invitación Pública y/o cuando se hubiere presentado después de la fecha y hora exacta señalada en el mismo. | D16: CUMPLE
B17: Cuando de conformidad con la información con la cual cuenta la Entidad, se estime que el valor de una oferta resulta artificialmente bajo y el proponente no logre sustentar o demostrar que el valor de su propuesta responde a circunstancias objetivas de su oferta. | D17: CUMPLE
B18: Cuando el valor total de la propuesta supere el valor total del estudio de mercado, o cuando efectuadas las correcciones aritméticas la propuesta se encuentre en la situación anterior. | D18: CUMPLE
B19: Cuando cualquiera de los valores presentados por el oferente en la oferta económica supere los precios techo o sea inferior a los precios piso determinados por la Entidad cuando a ello haya lugar | D19: CUMPLE
B20: Cuando se omita alguno de los valores que se deben Ofertar dentro de la “Oferta Económica” o cuando el valor total supere el valor promedio techo o en el mismo anexo se indiquen valores negativos o se indiquen valores en cero ($0,00). Así mismo cuando la oferta económica no cumpla con los parámetros determinados por la entidad. | D20: CUMPLE
... B22: Cuando la propuesta sea parcial o incompleta, es decir que el alcance del objeto no sea el requerido por la entidad. | D22: CUMPLE
B23: CUMPLIMIENTO TOTAL DE LOS REQUISITOS OFERTA ECONÓMICA | D23: =IF(AND(D9="CUMPLE",D10="CUMPLE",D11="CUMPLE",D12="CUMPLE",D13="CUMPLE",D14="CUMPLE",D15="CUMPLE",D16="CUMPLE",D17="CUMPLE",D18="CUMPLE"),"CUMPLE","NO CUMPLE") -> CUMPLE
B26: PROPONENTE | D26: VALOR TOTAL OFERTA ECONÓMICA | E26: VALOR TOTAL OFERTA SECOP
B27: =+D8 -> WALTER LESMES RODRIGUEZ | D27: =+'Ofertas Recibidas'!F11 -> 3400000 | E27: =+'Ofertas Recibidas'!G11 -> 3400000
C30: =+'Ofertas Recibidas'!C13 -> EVALUADOR TÉCNICO
C31: =+'Ofertas Recibidas'!C14 -> NOMBRE DEL PROFESIONAL | D31: =+'Ofertas Recibidas'!E14 -> LUCIANO ALFONSO PINILLA PEDRAZA
C32: =+'Ofertas Recibidas'!C15 -> CARGO | D32: =+'Ofertas Recibidas'!E15 -> CONTRATISTA
C34: =+'Ofertas Recibidas'!C17 -> REVISOR
C35: =+'Ofertas Recibidas'!C18 -> NOMBRE DEL PROFESIONAL | D35: =+'Ofertas Recibidas'!E18 -> NELSON ARGUELLEZ ARGUELLEZ PALACIOS
C36: =+'Ofertas Recibidas'!C19 -> CARGO | D36: =+'Ofertas Recibidas'!E19 -> CONTRATISTA

Sheet Posiciones
C2: República de Colombia
C3: =+'Ofertas Recibidas'!D3 -> Instituto Colombiano de Antropología e Historia Proceso de Mínima Cuantía No. MC-ICANH-019-2026
C4: Posiciones
B6: Objeto | C6: =+'Ofertas Recibidas'!D6 -> Suministro a monto agotable de combustible para el parque automotor de propiedad del ICANH que actualmente opera en el municipio de San José del Guaviare - Guaviare.
B8: Posición | C8: Oferta | D8: EMPRESA | E8: VALOR OFERTADO
B9: Posición 1 | C9: Oferta 1 | D9: =+'Ofertas Recibidas'!C11 -> WALTER LESMES RODRIGUEZ | E9: =+'Ofertas Recibidas'!F11 -> 3400000
B11: =+'Ofertas Recibidas'!C13 -> EVALUADOR TÉCNICO
B12: =+'Ofertas Recibidas'!C14 -> NOMBRE DEL PROFESIONAL | D12: =+'Ofertas Recibidas'!E14 -> LUCIANO ALFONSO PINILLA PEDRAZA
B13: =+'Ofertas Recibidas'!C15 -> CARGO | D13: =+'Ofertas Recibidas'!E15 -> CONTRATISTA
B15: =+'Ofertas Recibidas'!C17 -> REVISOR
B16: =+'Ofertas Recibidas'!C18 -> NOMBRE DEL PROFESIONAL | D16: =+'Ofertas Recibidas'!E18 -> NELSON ARGUELLEZ ARGUELLEZ PALACIOS
B17: =+'Ofertas Recibidas'!C19 -> CARGO | D17: =+'Ofertas Recibidas'!E19 -> CONTRATISTA

Sheet Precios Artif Bajos
C2: República de Colombia
C3: =+Posiciones!C3 -> Instituto Colombiano de Antropología e Historia Proceso de Mínima Cuantía No. MC-ICANH-019-2026
C4: Solicitud Aclaración Precios Artificialmente Bajos
B6: El Instituto Colombiano de Antropología e Historia ICANH, en virtud de lo establecido en el INVITACIÓN PÚBLICA No. MC-ICANH-019-2026, cuyo objeto es “Suministro a monto agotable de combustible para el parque automotor de propiedad del ICANH que actualmente opera en el municipio de San José del Guaviare - Guaviare.”, solicitará aclaración de los precios ofertados con base en el siguiente análisis:
B7: Dentro de la GUÍA PARA EL MANEJO DE OFERTAS ARTIFICIALMENTE BAJAS EN PROCESOS DE CONTRATACIÓN diseñada por la Colombia Compra Eficiente se establece:
B8: “2.1.1. Comparación Absoluta: Se recomienda su utilización cuando desde la fase de planeación existe claridad sobre el precio o costos para la entrega de los bienes, servicios u obras que se están contratando, y cuando en el desarrollo del proceso de selección recibe menos de 5 ofertas. Para la comparación, la entidad contrasta la variación del valor de cada oferta con el costo estimado de la provisión del bien o servicio de acuerdo con el Estudio del Sector, para lo cual podrá utilizar la siguiente fórmula:
B11: Donde Vo es la variación de la oferta del proveedor con respecto al precio estimado por la Entidad Estatal P es el precio estimado por la entidad estatal o es el precio ofrecido por el proponente La Entidad Estatal debe solicitar aclaración a los proponentes ofertas cuyo valor es menor o igual que el 20% del costo total estimado por la Entidad Estata
B13: PRESUPUESTO | C13: =+'Ofertas Recibidas'!D8 -> 3400000
B14: 0.2 | C14: =+C13*(1-20%) -> 2720000
B16: OFERENTE | D16: VALOR OFERTA | E16: VARIACIÓN RESPECTO AL PRESUPUESTO | F16: SE REQUIERE?
B17: =+'Ofertas Recibidas'!C11 -> WALTER LESMES RODRIGUEZ | D17: =+'Ofertas Recibidas'!F11 -> 3400000 | E17: =+(($C$13-D17)/$C$13)*100% -> 0 | F17: NO
B19: No se requiere solicitar aclaración de precios por artificialmente bajos, toda vez que la oferta presentada por el proponente no sobrepasa el valor minimo aceptable del 20% y su variación respecto al presupuesto es de 0%
B21: =+Posiciones!B11 -> EVALUADOR TÉCNICO
B22: =+Posiciones!B12 -> NOMBRE DEL PROFESIONAL | D22: =+Posiciones!D12 -> LUCIANO ALFONSO PINILLA PEDRAZA
B23: =+Posiciones!B13 -> CARGO | D23: =+Posiciones!D13 -> CONTRATISTA
B25: =+Posiciones!B15 -> REVISOR
B26: =+Posiciones!B16 -> NOMBRE DEL PROFESIONAL | D26: =+Posiciones!D16 -> NELSON ARGUELLEZ ARGUELLEZ PALACIOS
B27: =+Posiciones!B17 -> CARGO | D27: =+Posiciones!D17 -> CONTRATISTA

Sheet Precios Artif Bajos (Galon)
C2: República de Colombia
C3: =+Posiciones!C3 -> Instituto Colombiano de Antropología e Historia Proceso de Mínima Cuantía No. MC-ICANH-019-2026
C4: Solicitud Aclaración Precios Artificialmente Bajos
B6: El Instituto Colombiano de Antropología e Historia ICANH, en virtud de lo establecido en el INVITACIÓN PÚBLICA No. MC-ICANH-019-2026, cuyo objeto es “Suministro a monto agotable de combustible para el parque automotor de propiedad del ICANH que actualmente opera en el municipio de San José del Guaviare - Guaviare.”, solicitará aclaración de los precios ofertados con base en el siguiente análisis:
B7: Dentro de la GUÍA PARA EL MANEJO DE OFERTAS ARTIFICIALMENTE BAJAS EN PROCESOS DE CONTRATACIÓN diseñada por la Colombia Compra Eficiente se establece:
B8: “2.1.1. Comparación Absoluta: Se recomienda su utilización cuando desde la fase de planeación existe claridad sobre el precio o costos para la entrega de los bienes, servicios u obras que se están contratando, y cuando en el desarrollo del proceso de selección recibe menos de 5 ofertas. Para la comparación, la entidad contrasta la variación del valor de cada oferta con el costo estimado de la provisión del bien o servicio de acuerdo con el Estudio del Sector, para lo cual podrá utilizar la siguiente fórmula:
B11: Donde Vo es la variación de la oferta del proveedor con respecto al precio estimado por la Entidad Estatal P es el precio estimado por la entidad estatal o es el precio ofrecido por el proponente La Entidad Estatal debe solicitar aclaración a los proponentes ofertas cuyo valor es menor o igual que el 20% del costo total estimado por la Entidad Estata
B13: ESTIMADO GALON | C13: 16581
B14: 0.2 | C14: =+C13*(1-20%) -> 13264.8
B16: OFERENTE | D16: VALOR OFERTA | E16: VARIACIÓN RESPECTO AL PRESUPUESTO | F16: SE REQUIERE?
B17: =+'Ofertas Recibidas'!C11 -> WALTER LESMES RODRIGUEZ | D17: 16581 | E17: =+(($C$13-D17)/$C$13)*100% -> 0 | F17: NO
B19: No se requiere solicitar aclaración de precios por artificialmente bajos, toda vez que la oferta presentada por el proponente no sobrepasa el valor minimo aceptable del 20% y su variación respecto al presupuesto es de 0%
B21: =+Posiciones!B11 -> EVALUADOR TÉCNICO
B22: =+Posiciones!B12 -> NOMBRE DEL PROFESIONAL | D22: =+Posiciones!D12 -> LUCIANO ALFONSO PINILLA PEDRAZA
B23: =+Posiciones!B13 -> CARGO | D23: =+Posiciones!D13 -> CONTRATISTA
B25: =+Posiciones!B15 -> REVISOR
B26: =+Posiciones!B16 -> NOMBRE DEL PROFESIONAL | D26: =+Posiciones!D16 -> NELSON ARGUELLEZ ARGUELLEZ PALACIOS
B27: =+Posiciones!B17 -> CARGO | D27: =+Posiciones!D17 -> CONTRATISTA
